 Dungeon Crawl Stone Soup version 0.29.1-1-gd02db6906a (webtiles) character file.

Game seed: 6281605445175636265

88 safid the Shooter (level 4, -5/40 HPs)
             Began as a Minotaur Hunter on Sept 17, 2022.
             Slain by Terence
             ... wielding a +1 trident of protection
              (9 damage)
             ... on level 3 of the Dungeon.
             The game lasted 00:02:08 (1383 turns).

safid the Shooter (Minotaur Hunter)                 Turns: 1383, Time: 00:02:08

Health: -5/40      AC:  3    Str: 16    XL:     4   Next: 29%
Magic:  3/3        EV: 12    Int:  6    God:
Gold:   116        SH:  0    Dex: 15    Spells: 3/3 levels left

rFire   . . .      SeeInvis .   a - +0 shortbow
rCold   . . .      Faith    .   (shield currently unavailable)
rNeg    . . .      Spirit   .   c - +0 leather armour
rPois   .          Reflect  .   (helmet restricted)
rElec   .          Harm     .   (no cloak)
rCorr   .          Rampage  .   (no gloves)
Will    .....                   (no boots)
Stlth   +.........              (no amulet)
HPRegen 0.13/turn               (no ring)
MPRegen 0.08/turn               (no ring)

@: no status effects
A: horns 2, retaliatory headbutt
a: no special abilities


You were on level 3 of the Dungeon.
You visited 1 branch of the dungeon, and saw 3 of its levels.

You collected 116 gold pieces.

Inventory:

Hand Weapons
 a - a +0 shortbow (weapon)
Armour
 c - a +0 leather armour (worn)
Wands
 k - a wand of paralysis (8)
Scrolls
 b - 2 scrolls of immolation
 d - a scroll of brand weapon {unknown}
 e - a scroll of poison {unknown}
 j - a scroll of teleportation {unknown}
 m - a scroll of identify {unknown}
Potions
 f - a potion of attraction {unknown}
 g - a potion of heal wounds {unknown}
 h - 2 potions of curing {unknown}
 i - a potion of berserk rage {unknown}
 l - a potion of might {unknown}
 n - 2 potions of invisibility {unknown}


   Skills:
 + Level 3.7 Fighting
 + Level 5.2 Ranged Weapons
 + Level 3.3 Dodging
 - Level 0.7 Stealth


You had 3 spell levels left.
You didn't know any spells.
Your spell library was empty.

Dungeon Overview and Level Annotations

Branches:
Dungeon (3/15)

Altars:

Annotations:
D:3 Terence


Innate Abilities, Weirdness & Mutations

You have a pair of horns on your head.
You reflexively headbutt those who attack you in melee.


Message History

The adder is lightly wounded.
You hear a shout!
Terence the Incautious comes into view.
He is wielding a +1 trident of protection.
You shoot an arrow. The arrow closely misses the adder.
The adder misses you.
The hobgoblin hits you but does no damage.
The adder misses you.
You shoot an arrow. The arrow hits the adder!
You kill the adder!
The hobgoblin hits you but does no damage. x2
You shoot an arrow. The arrow hits the hobgoblin.
The hobgoblin is moderately wounded.
The hobgoblin barely misses you. The goblin hits you with a +0 dagger.
You shoot an arrow. The arrow closely misses the hobgoblin.
Terence hits you from afar with a +1 trident of protection!
The goblin hits you with a +0 dagger. The hobgoblin closely misses you.
You shoot an arrow.
The arrow hits the hobgoblin but does no damage.
Terence barely misses you. The hobgoblin barely misses you.
The goblin hits you with a +0 dagger.
You shoot an arrow. The arrow hits the hobgoblin.
The hobgoblin is heavily wounded.
The goblin hits you with a +0 dagger.
Terence hits you from afar with a +1 trident of protection!
The hobgoblin closely misses you. You furiously retaliate!
You headbutt the hobgoblin.
Terence hits you from afar with a +1 trident of protection.
The goblin barely misses you. The hobgoblin closely misses you.
You furiously retaliate!
You headbutt the hobgoblin.
An endoplasm comes into view.
Terence hits you from afar with a +1 trident of protection!
* * * LOW HITPOINT WARNING * * *
The hobgoblin barely misses you. You furiously retaliate!
You headbutt the hobgoblin!
You kill the hobgoblin!
The goblin barely misses you. You furiously retaliate!
You headbutt the goblin.
You see here an adder corpse.
The goblin attacks as you move away! The goblin barely misses you.
There is a stone staircase leading up here.
Terence hits you from afar with a +1 trident of protection!
You die...

###############
#..............
#####.†###..#
#...#†.......
#..@gJ..###.#
#....@..#
##.##...# ...
....... ###.
..#.#... #.
#.#.#... #.
#.#.# #. #. ..


You could see Terence, an endoplasm and a goblin.

Vanquished Creatures
  Robin (D:2)
  2 adders
  A worm (D:2)
  A dart slug (D:1)
  6 bats (D:1)
  4 endoplasms
  A giant cockroach (D:2)
  8 goblins (D:2)
  7 hobgoblins
  7 quokkas
  A ball python (D:1)
  4 kobolds (D:1)
  8 rats
51 creatures vanquished.

Notes
Turn   | Place    | Note
-------+----------+-------------------------------------------
     0 | D:1      | safid the Minotaur Hunter began the quest for the Orb.
     0 | D:1      | Reached XP level 1. HP: 18/18 MP: 0/0
    97 | D:1      | Reached XP level 2. HP: 25/25 MP: 1/1
   721 | D:2      | Reached XP level 3. HP: 31/31 MP: 2/2
   733 | D:2      | Noticed Robin
   738 | D:2      | Killed Robin
   739 | D:2      | Reached skill level 5 in Ranged Weapons
   968 | D:2      | Reached XP level 4. HP: 38/38 MP: 3/3
  1373 | D:3      | Noticed Terence
  1383 | D:3      | Slain by Terence

Illustrated notes

Levels and vault maps discovered:
D:1:      psy_arrival_wood_between_worlds, layout_rooms, minmay_tiny_reverse_x
D:2:      layout_basic, uniq_robin
D:3:      layout_loops_cross, nicolae_ecumenical_snake_handling, st_stairs_3,
          uniq_terence

Skill      XL: |  1  2  3 |
---------------+----------+-----
Fighting       | 3 |  3.7
Ranged Weapons | 5 |  5.2
Dodging        | 3 |  3.3
Stealth        | |  0.7

Action                   |  1- 3 |  4- 6 || total
-------------------------+-------+-------++-------
 Fire: Shortbow          |    85 |    26 ||   111
Armor: Leather armour    |    11 |     5 ||    16
Dodge: Dodged            |    16 |    12 ||    28
